Map: Galactic Process LE

Players

SortOf - Winner!

  • Race: Zerg Zerg
  • League: Grandmaster

Strange

  • Race: Protoss Protoss
  • League: Master

VOD

https://www.youtube.com/watch?v=w19cjbjsvZs

Description

Time

  • Played on: Oct. 30, 2016, 6:36 a.m.
  • Length: 12:04
Show
View Real Time Build Order
Export as new Build Order

SortOf Zerg - Winner!

Build Orders: Hatch First, Muta Ling Bane 

Get SALT Encoding   

  12  0:02  Drone  
  13  0:14  Overlord  
  13  0:18  Drone  
  14  0:33  Drone x2  
  16  0:37  Drone  
  17  0:53  Unknown, Hatchery  
  17  0:56  Drone  
  17  1:00  Drone  
  18  1:10  Extractor  
  17  1:16  Spawning Pool  
  16  1:19  Drone  
  16  1:25  Drone  
  18  1:30  Drone  
  19  1:40  Overlord  
  19  1:51  Drone  
  20  2:02  Queen  
  20  2:03  Zergling x2  
  20  2:04  Queen, Unknown  
  20  2:05  Drone  
  26  2:13  Zergling x2  
  27  2:16  Drone  
  27  2:17  Metabolic Boost  
  28  2:23  Drone  
  28  2:27  Drone  
  30  2:36  Drone  
  31  2:43  Drone  
  32  2:46  Unknown, Hatchery  
  32  2:50  Overlord  
  31  2:54  Drone  
  31  2:57  Zergling x2  
  33  2:59  Pneumatized Carapace  
  33  3:00  Drone  
  34  3:06  Drone  
  34  3:09  Drone  
  36  3:15  Drone x2  
  36  3:17  Drone x2  
  36  3:18  Drone  
  41  3:23  Overlord  
  41  3:25  Drone  
  41  3:26  Drone  
  43  3:33  Zergling x2  
  44  3:39  Baneling Nest  
  44  3:41  Queen  
  43  3:44  Evolution Chamber  
  43  3:46  Drone  
  43  3:47  Zergling x4  
  47  3:55  Overlord  
  47  3:56  Drone x3  
  47  3:58  Unknown  
  47  3:59  Queen  
  47  4:01  Overlord  
  52  4:03  Drone  
  52  4:08  Drone  
  52  4:09  Overlord  
  54  4:14  Zerg Melee Weapons Level 1  
  54  4:17  Overlord  
  54  4:18  Drone  
  54  4:19  Drone x2  
  54  4:23  Drone x3  
  60  4:28  Drone  
  61  4:35  Zergling x6  
  63  4:40  Drone x2  
  63  4:45  Drone x2  
  66  4:47  Queen x2  
  66  4:50  Drone x3  
  66  4:52  Spore Crawler  
  72  4:53  Spore Crawler  
  72  4:54  Spore Crawler  
  70  5:01  Zergling x2  
  70  5:02  Queen  
  71  5:08  Drone  
  71  5:10  Unknown, Drone x2, Hatchery  
  71  5:12  Drone  
  72  5:16  Drone x2  
  74  5:21  Spore Crawler  
  74  5:22  Overlord, Drone  
  74  5:27  Lair  
  73  5:32  Overlord  
  73  5:33  Drone x2  
  74  5:36  Extractor  
  74  5:37  Extractor, Overlord  
  74  5:41  Queen  
  74  5:43  Drone x3  
  74  5:44  Drone x2  
  74  5:45  Baneling x3  
  74  5:47  Zergling x6  
  81  5:52  Drone x3  
  81  5:53  Drone  
  81  5:54  Zergling x2  
  81  5:55  Zergling x2  
  87  5:57  Baneling x2  
  87  5:58  Baneling x2  
  87  5:59  Zergling x4  
  87  6:05  Zergling x8  
  87  6:09  Zergling x4  
  93  6:17  Drone x3  
  93  6:18  Unknown, Hatchery, Drone x2  
  98  6:20  Drone x2  
  98  6:21  Unknown  
  98  6:26  Zerg Melee Weapons Level 2  
  98  6:28  Drone  
  98  6:32  Overlord  
  99  6:34  Drone x4  
  103  6:42  Drone  
  103  6:43  Overlord x2  
  104  6:52  Overlord  
  104  6:57  Overlord x2  
  104  7:01  Extractor x2  
  103  7:02  Spore Crawler  
  103  7:03  Extractor, Drone x4  
  103  7:04  Drone  
  103  7:05  Drone x3  
  103  7:06  Drone x2  
  103  7:07  Centrifical Hooks  
  110  7:08  Drone x2  
  110  7:09  Drone x3  
  110  7:10  Drone  
  116  7:15  Spore Crawler  
  116  7:16  Zergling x16  
  116  7:20  Drone  
  118  7:25  Infestation Pit  
  118  7:26  Drone x2  
  118  7:28  Zergling x2  
  117  7:30  Unknown  
  117  7:33  Zergling x2  
  117  7:34  Zergling x8  
  120  7:39  Zergling x18  
  129  7:46  Zergling x4  
  129  7:51  Extractor, Queen  
  130  7:52  Overlord  
  130  7:54  Zergling x14  
  139  8:02  Hive  
  139  8:04  Spire  
  138  8:07  Zergling x2  
  138  8:08  Zergling x14  
  138  8:10  Unknown, Hatchery  
  145  8:13  Baneling x14  
  144  8:24  Zergling x10  
  144  8:25  Zergling x16  
  157  8:35  Overlord  
  157  8:37  Spine Crawler x2  
  153  8:55  Zergling x32  
  156  9:12  Zergling x22  
  158  9:17  Zergling x2  
  158  9:21  Unknown  
  158  9:22  Adrenal Glands  
  158  9:23  Greater Spire  
  147  9:27  Zerg Melee Weapons Level 3  
  147  9:29  Zergling x16  
  154  9:32  Baneling x3  
  154  9:33  Overseer, Baneling x7  
  154  9:38  Baneling x4  
  154  9:39  Mutalisk  
  154  9:40  Mutalisk  
  156  9:47  Zergling x12  
  156  9:50  Corruptor x2  
  165  9:53  Corruptor  
  165  9:54  Corruptor x2  
  171  10:18  Overlord x3  
  171  10:19  Overlord  
  171  10:24  Baneling x7  
  171  10:25  Baneling x30  
  171  10:27  Spine Crawler  
  165  10:31  Spine Crawler  
  136  10:45  Zergling x48  
  136  10:48  Corruptor  
  143  10:51  Zergling x2  
  143  10:56  Zergling x6  
  132  11:08  Spire  
  132  11:11  Zergling x18  
  133  11:16  Drone  
  133  11:17  Drone x4  
  135  11:20  Drone  
  135  11:21  Drone x2  
  135  11:22  Drone  
  139  11:28  Zergling x10  
  142  11:33  Zergling x8  
  142  11:36  Drone  
  142  11:37  Drone  
  133  11:49  Drone x6  
Show
View Real Time Build Order
Export as new Build Order

Strange Protoss 

Build Orders: Nexus First, Phoenix Opening 

Get SALT Encoding   

  12  0:01  Probe (Chrono Boost)  
  13  0:11  Probe (Chrono Boost)  
  14  0:20  Pylon  
  14  0:22  Probe (Chrono Boost)  
  15  0:39  Probe (Chrono Boost)  
  16  0:49  Probe (Chrono Boost)  
  17  0:59  Nexus, Unknown  
  17  1:08  Gateway  
  17  1:11  Probe (Chrono Boost)  
  17  1:17  Assimilator  
  18  1:22  Probe (Chrono Boost)  
  18  1:25  Assimilator  
  20  1:33  Probe (Chrono Boost)  
  20  1:43  Probe (Chrono Boost)  
  21  1:54  Probe (Chrono Boost)  
  22  1:56  Cybernetics Core  
  22  2:00  Pylon  
  22  2:04  Probe (Chrono Boost)  
  23  2:10  Unknown  
  23  2:12  Probe (Chrono Boost)  
  23  2:15  Probe (Chrono Boost)  
  25  2:23  Probe (Chrono Boost)  
  25  2:25  Probe (Chrono Boost)  
  25  2:28  Adept  
  27  2:32  Warp Gate  
  27  2:35  Probe (Chrono Boost)  
  27  2:36  Probe (Chrono Boost)  
  30  2:46  Probe (Chrono Boost)  
  30  2:48  Probe (Chrono Boost), Stargate  
  32  2:52  Adept  
  36  2:58  Probe (Chrono Boost)  
  36  3:00  Probe (Chrono Boost)  
  36  3:09  Probe (Chrono Boost)  
  36  3:12  Mothership Core (Chrono Boost)  
  39  3:19  Probe (Chrono Boost)  
  40  3:28  Phoenix  
  40  3:30  Probe (Chrono Boost), Gateway  
  40  3:31  Probe (Chrono Boost), Gateway  
  44  3:35  Pylon  
  45  3:41  Probe (Chrono Boost)  
  45  3:43  Probe (Chrono Boost)  
  45  3:46  Pylon  
  46  3:50  Phoenix  
  46  3:53  Probe (Chrono Boost)  
  50  3:55  Probe (Chrono Boost)  
  50  4:03  Probe (Chrono Boost)  
  50  4:07  Probe (Chrono Boost)  
  52  4:12  Phoenix  
  54  4:25  Nexus, Unknown  
  54  4:27  Probe (Chrono Boost)  
  54  4:28  Probe (Chrono Boost), Assimilator  
  54  4:31  Assimilator  
  56  4:32  Pylon  
  56  4:33  Phoenix  
  56  4:36  Pylon  
  56  4:37  Adept x2  
  62  4:41  Adept  
  62  4:51  Probe (Chrono Boost)  
  62  4:52  Probe (Chrono Boost)  
  64  5:01  Probe (Chrono Boost)  
  64  5:02  Forge  
  64  5:04  Probe (Chrono Boost)  
  64  5:05  Phoenix, Pylon  
  66  5:11  Adept  
  66  5:14  Pylon  
  70  5:19  Pylon  
  70  5:20  Protoss Ground Weapons Level 1  
  70  5:23  Adept x2, Probe (Chrono Boost)  
  70  5:25  Probe (Chrono Boost)  
  76  5:34  Probe (Chrono Boost)  
  76  5:36  Unknown  
  76  5:37  Probe x2 (Chrono Boost)  
  77  5:44  Adept, Probe (Chrono Boost)  
  77  5:45  Adept  
  77  5:46  Adept  
  77  5:48  Probe (Chrono Boost)  
  77  5:49  Probe (Chrono Boost)  
  86  5:54  Robotics Facility  
  86  5:55  Probe (Chrono Boost)  
  86  5:56  Robotics Facility  
  87  5:58  Probe (Chrono Boost)  
  87  6:01  Probe (Chrono Boost)  
  89  6:05  Probe (Chrono Boost), Assimilator  
  89  6:09  Probe (Chrono Boost), Assimilator  
  89  6:10  Sentry x3  
  97  6:13  Probe (Chrono Boost)  
  97  6:14  Pylon  
  97  6:16  Probe (Chrono Boost)  
  99  6:19  Probe (Chrono Boost)  
  101  6:26  Probe (Chrono Boost)  
  101  6:27  Probe (Chrono Boost), Twilight Council  
  102  6:39  Immortal  
  102  6:40  Immortal  
  110  6:50  Gateway x2  
  110  6:53  Gateway  
  110  6:57  Gateway  
  110  7:03  Charge  
  110  7:05  Pylon  
  110  7:06  Photon Cannon  
  110  7:10  Photon Cannon  
  110  7:11  Templar Archives, Photon Cannon  
  110  7:18  Protoss Ground Weapons Level 2  
  110  7:21  Gateway, Immortal  
  110  7:22  Immortal  
  118  7:40  Psionic Storm  
  118  7:42  Gateway  
  118  7:44  Gateway  
  118  7:45  Pylon  
  118  7:49  Sentry  
  120  7:51  Pylon  
  120  7:52  Pylon  
  120  7:54  Pylon  
  120  7:58  High Templar x2, Warp Prism  
  120  8:01  Observer  
  120  8:04  Photon Cannon  
  120  8:05  Pylon  
  127  8:07  High Templar  
  127  8:10  Photon Cannon  
  129  8:17  High Templar  
  131  8:25  High Templar  
  133  8:29  Immortal  
  137  8:41  Nexus, Unknown, Zealot x6  
  149  8:43  Pylon  
  149  8:44  Pylon  
  149  8:45  Pylon  
  147  8:58  Sentry  
  147  9:03  Zealot x2  
  147  9:04  Zealot x5  
  146  9:17  Probe x2 (Chrono Boost)  
  146  9:18  Probe (Chrono Boost)  
  146  9:22  Protoss Ground Weapons Level 3  
  147  9:38  Probe x2 (Chrono Boost)  
  147  9:39  Probe (Chrono Boost), Sentry  
  149  9:48  Gateway  
  149  9:49  Gateway  
  149  9:50  High Templar x4  
  157  9:56  Pylon  
  157  9:57  Archon, Pylon  
  157  9:58  Archon  
  157  9:59  Pylon  
  157  10:08  Pylon  
  157  10:09  Nexus, Unknown  
  157  10:11  Pylon  
  157  10:15  Photon Cannon  
  157  10:17  Photon Cannon  
  157  10:27  Zealot x6  
  127  10:49  Zealot x6  
  125  10:50  Zealot x2  
  83  11:12  High Templar x3  
  83  11:13  High Templar x2  
  83  11:15  Immortal x2  
  83  11:16  High Templar  
  91  11:21  Unknown  
  91  11:22  Archon  
  91  11:23  Archon, Zealot x3  
  97  11:25  Archon  
  84  11:42  Zealot x4  
  83  11:47  High Templar  
  83  11:48  High Templar, Zealot x3  
  83  11:52  Archon  
  73  11:59  High Templar x2  
Tags
 
Add a new tag
Caveats
  • Supply blocks, unpowered buildings, or Contaminate may cause inaccurate times.
  • Supply counts are checked every 10 seconds.